cohdb
Replays
Latest Replays
All Replays
Popular Replays
Top Player Replays
Match Explorer
How It Works
Community
CoH3 Stats
Reddit
Sign in to upload your games and track your stats! →
Sign in with Steam
Match 45616188
Unlisted
Match 45616188
Overview
Messages
Build Orders
End
Construct Section Command Post
Selects Air and Sea Battlegroup
Dingo Light Scout Car
Infantry Section
Infantry Section
Royal Engineer Section
Selects Supply Surplus
Construct Resource Cache
Infantry Section
Construct Field Infirmary
Selects Commando Section Paradrop
Commando Section Paradrop
Selects Commando Support Section Paradrop
Grenade Package
Commando Section Paradrop
Selects UNKNOWN (223837)
Construct Platoon Command Post
6-pounder Anti-tank Gun Team
6-pounder Anti-tank Gun Team
companyHOLLAND
Ayudacity
Alloyzy Klex®
SEPH
0
0
Comments
sign in to comment!
No comments posted yet!